[Event "Early-Titled-Tuesday-Blitz-May-07-2024"]
[Site "Chess.com"]
[Date "2024.05.07"]
[Round "5"]
[White "ChadBiryani"]
[Black "djokovic74"]
[Result "0-1"]
[WhiteElo "2566"]
[BlackElo "2818"]
[TimeControl "180+1"]
[EndTime "9:00:28 PDT"]
[Termination "djokovic74 won by checkmate"]

1. d4 e6 2. Bf4 Nf6 3. e3 d5 4.
Nf3 Bd6 5. Bd3 O-O 6. O-O c5 7. dxc5 Bxf4 8. exf4 Qc7 9. b4 Qxf4 10. a3 Nc6 11.
Re1 a6 12. Nc3 Qc7 13. Qe2 Re8 14. Na4 e5 15. Nd2 e4 16. f3 Bf5 17. fxe4 dxe4 18. Bc4 Nd4 19. Qf1 Ng4 20. g3 e3 21.
Nb3 Nxb3 22. Bxb3 Nf2 23. Rxe3 Rxe3 24. Qxf2 Qe5 25. Rf1 Be6 26. Nb6 Rf8 27. Nc4 Bxc4 28. Bxc4 g6 29. a4 Kg7 30. Bb3 f5 31. Qf4 Qe7 32.
Qd4+ Re5 33. Re1 Re8 34. Rxe5 Qxe5 35. Qxe5+ Rxe5 36. Kf2 Kf6 37. c3 Ke7 38. Bc2 Kd7 39. Bd3 Kc7 40. Bc4 Re4 41. Bd3 Re5 42. h3 a5 43. bxa5 Rxc5 44. a6 bxa6 45. Bxa6 Rxc3 46. Bb5 Ra3 47. Kg2 Kd6 48. h4 Ke5 49. Bc6 h6 50. Kf2 Ra2+ 51. Kf3 Ra3+ 52. Kf2 Kf6 53. Kg2 g5 54. hxg5+ Kxg5 55. Kf2 Kg4 56. Bd7 Ra2+ 57. Ke3 Kxg3 58. Bxf5 Rxa4 59. Ke2 Rf4 60. Bd7 h5 61. Bc6 h4 62. Ke3 h3 63. Ke2 h2 64.
Bd5 Rf2+ 65. Ke1 Rg2 66. Kf1 h1=Q# 0-1

[Event "Early-Titled-Tuesday-Blitz-May-07-2024"]
[Site "Chess.com"]
[Date "2024.05.07"]
[Round "5"]
[White "Kyrko_Gamba"]
[Black "LikeWater"]
[Result "1-0"]
[WhiteElo "2504"]
[BlackElo "2673"]
[TimeControl "180+1"]
[EndTime "9:00:28 PDT"]
[Termination "Kyrko_Gamba won by checkmate"]

1. d4 Nf6 2. Nf3 g6 3. Bf4 c5 4. e3 cxd4 5. exd4 Bg7 6. Nbd2 O-O 7. h3 d6 8. Be2 Nc6 9. O-O Nd5 10. Bg3 e5 11.
dxe5 dxe5 12. c4 Nf4 13. Bxf4 exf4 14. Qc1 Re8 15. Bd1 Nb4 16. Bc2 Nd3 17. Bxd3 Qxd3 18. Rd1 b6 19. Nb3 Qf5 20. Nbd4 Qf6 21. Nb5 Bf5 22.
Nfd4 f3 23. Nxf5 Qxf5 24. Nd6 Qh5 25. Nxe8 fxg2 26. Qe3 Bxb2 27. Rab1 Kf8 28. Nc7 Rc8 29. Rd7 Bf6 30. Rbd1 Qf5 31. Kxg2 h5 32. Qf3 Qg5+ 33.
Kf1 Kg7 34. Nd5 Rc6 35. Ne7 Re6 36. Nd5 Re5 37. Qxf6+ Qxf6 38. Nxf6 Kxf6 39. Rxa7 Re6 40. Rb7 Rc6 41. Rb1 Ke5 42. R7xb6 Rc8 43. R6b5+ Kd4 44. c5 Kd5 45. Rd1+ Kc6 46. Rdb1 Ra8 47. R1b2 Ra3 48.
R5b3 Ra4 49. Rf3 f5 50. Rb6+ Kxc5 51. Rxg6 Rxa2 52. Rxf5+ Kd4 53. Rxh5 Ke4 54. Rf6 Kd4 55. Rh4+ Ke5 56. Rf3 Ke6 57. Re4+ Kd5 58. Ree3 Kd4 59. Kg2 Kd5 60. Rf4 Kd6 61. Rg3 Ke5 62. Rff3 Ke4 63. h4 Ra8 64. h5 Rh8 65. Rh3 Ke5 66. h6 Rh7 67. Rfg3 Ke6 68. Rg7 Rh8 69. h7 Rf8 70.
h8=Q Rf6 71. Rh6 Ke5 72. Re7+ Kd6 73. Qxf6+ Kc5 74. Rh5+ Kb4 75. Re4+ Ka3 76. Qc3+ Ka2 77. Re2+ Kb1 78. Qb2# 1-0

[Event "Early-Titled-Tuesday-Blitz-May-07-2024"]
[Site "Chess.com"]
[Date "2024.05.07"]
[Round "5"]
[White "KuzubovYuriy"]
[Black "NikitaShnadrygin"]
[Result "1-0"]
[WhiteElo "2958"]
[BlackElo "2699"]
[TimeControl "180+1"]
[EndTime "9:00:29 PDT"]
[Termination "KuzubovYuriy won on time"]

1. d4 d5 2. c4 Nc6 3. Nf3 Bg4 4. Nc3 e6 5. cxd5 exd5 6. Bf4 Bd6 7. Bg3 Nge7 8. e3 O-O 9. Bd3 h6 10. a3 Re8 11. Qc2 a6 12. Ne2 Qd7 13. h3 Bxf3 14. gxf3 Nd8 15. Kf1 Rc8 16. b4 Ne6 17. Kg2 a5 18. bxa5 c5 19. Bxd6 Qxd6 20. Qb2 Nc6 21. dxc5 Nxc5 22. Bf5 Ra8 23. Rhd1 Rxa5 24. Rac1 Rea8 25.
Qc2 Ne6 26. Bxe6 fxe6 27. Rb1 R8a7 28. Nf4 Ne7 29. Rd3 e5 30. Ne2 Qg6+ 31. Ng3 Rxa3 32. Rbd1 Ra2 33. Qc7 Qf7 34. Qxe5 R2a6 35. Rd4 Kh7 36.
Rf4 Qe6 37. Qxe6 Rxe6 38. Rb1 Ng6 39. Rd4 Ne7 40. f4 g6 41. h4 Kg7 42. h5 Kf6 43.
hxg6 Kxg6 44. Rb5 Rd6 45. f5+ Nxf5 46. Nxf5 Kxf5 47. Rdxd5+ Rxd5 48. Rxd5+ Kg6 49. Rb5 Kf6 50. f4 Ra3 51. Kf3 Ra7 52. e4 Kg6 53. Kg4 Ra1 54.
Rb6+ Kg7 55. Rxb7+ Kg6 56. Rb6+ Kg7 57. f5 Rg1+ 58.
Kf4 Rf1+ 59. Ke5 h5 60. Rb7+ Kh6 61. Kf6 h4 62. e5 Kh5 63. e6 Kg4 64. e7 Rxf5+ 65.
Ke6 Rf1 66. Rb4+ Kg3 67. Re4 1-0

[Event "Early-Titled-Tuesday-Blitz-May-07-2024"]
[Site "Chess.com"]
[Date "2024.05.07"]
[Round "5"]
[White "JG-17"]
[Black "Abund"]
[Result "0-1"]
[WhiteElo "2525"]
[BlackElo "2754"]
[TimeControl "180+1"]
[EndTime "9:00:29 PDT"]
[Termination "Abund won by checkmate"]

1. e4 c6 2. d4 d5 3. exd5 cxd5 4. Bd3 Nc6 5. c3 Nf6 6. Bf4 Bg4 7. Qb3 Qd7 8. Nd2 e6 9. Ngf3 Bd6 10. Bxd6 Qxd6 11. O-O O-O 12. Rfe1 Bxf3 13. Nxf3 Qc7 14. Ne5 Nxe5 15.
Rxe5 Ng4 16. Rh5 g6 17. Rh3 Qf4 18. Qc2 Rac8 19. Qe2 h5 20. Rh4 Qg5 21. g3 a6 22.
h3 Nf6 23. Rf4 Nd7 24. Kg2 Kg7 25. h4 Qe7 26. Rh1 e5 27. dxe5 Nxe5 28. Re1 Rce8 29. Bc2 Qd7 30. Qd2 Nc6 31. Rxe8 Rxe8 32. Bb3 Re5 33. Rf3 b5 34. Rd3 Ne7 35. Qf4 Qe6 36. Qd4 Kh7 37. a4 Nf5 38. Qa7 bxa4 39. Bxa4 Re1 40. Rf3 Qe2 41. Qxf7+ Ng7 42. Re3 Qf1+ 43.
Kf3 Qh1+ 44. Kf4 Rxe3 45. Kxe3 Qe4+ 46. Kd2 Qxa4 47. Qxd5 Qa1 48. b4 Qb2+ 49. Kd3 Qxf2 50. Qe5 Qf3+ 51. Kc4 Qc6+ 52. Kb3 Ne6 53. c4 Qf3+ 54.
Ka4 Qc6+ 55. Kb3 Qd7 56. c5 Qd3+ 57. Ka4 Qb5+ 58. Kb3 Qc6 59. Qd6 Qf3+ 60. Ka4 Ng7 61. c6 Qc3 62. c7 Qc4 63. Qd8 Qa2# 0-1

[Event "Early-Titled-Tuesday-Blitz-May-07-2024"]
[Site "Chess.com"]
[Date "2024.05.07"]
[Round "5"]
[White "Semetey"]
[Black "K_A_S_T_O_R"]
[Result "1-0"]
[WhiteElo "2600"]
[BlackElo "2855"]
[TimeControl "180+1"]
[EndTime "9:00:30 PDT"]
[Termination "Semetey won by resignation"]

1. Nc3 c5 2. Nf3 Nc6 3. e4 d6 4. d4 cxd4 5. Nxd4 Nf6 6. Bg5 Qb6 7. Nb3 e6 8. Qd2 Be7 9. Be2 a6 10. g4 Ne5 11. h3 h6 12. Be3 Qc7 13. Qd4 g5 14.
O-O-O Bd7 15. Kb1 Bc6 16. f3 Ng6 17. Qd2 b5 18. a3 Rb8 19. Na2 Nd7 20. Qa5 Qc8 21. Qc3 Nde5 22. Na5 Bd7 23. Qxc8+ Bxc8 24. Nb4 Kd7 25. c4 Bd8 26. Bc5 Bxa5 27. Bxd6 Ke8 28. Bxb8 Bxb4 29. axb4 bxc4 30. Rd4 Ke7 31. Bd6+ Kf6 32.
Bxc4 Bb7 33. Bc5 Nf4 34. Rf1 Nxh3 35. Bb3 Nf4 36. Rd6 Ne2 37. Rb6 Ba8 38. Bd1 Nf4 39.
Bd4 Rd8 40. Bc3 Nd3 41. Bc2 Kg6 42. Bxd3 Nxd3 43. Rxa6 Nf4 44. Kc2 h5 45. gxh5+ Kxh5 46. Rd1 Rc8 47. Ra5 Kg6 48. Rg1 f6 49. Kb3 e5 50. Rc5 Rd8 51. b5 Rd6 52. Ka4 Ne2 53. Ka5 Nxg1 54. b6 Bc6 55. Rxc6 Rxc6 56. b7 Nxf3 57. b8=Q Rc5+ 58. Kb4 Rxc3 59. Kxc3 g4 60. Kd3 Nd4 61. Qg8+ Kh5 62. b4 Kh4 63. Ke3 g3 64. Qh7+ Kg4 65. Qg6+ Kh3 66. Qh6+ Kg4 67. Qxf6 g2 68.
Qg6+ Kh3 69. Kf2 1-0

[Event "Early-Titled-Tuesday-Blitz-May-07-2024"]
[Site "Chess.com"]
[Date "2024.05.07"]
[Round "5"]
[White "ValiantCeleb"]
[Black "Arlo2024"]
[Result "1/2-1/2"]
[WhiteElo "2229"]
[BlackElo "2401"]
[TimeControl "180+1"]
[EndTime "9:00:30 PDT"]
[Termination "Game drawn - insufficient material"]

1. e4 e6 2. d4 d5 3. Nc3 dxe4 4. Nxe4 Nd7 5. Nf3 Ngf6 6. Bd3 Nxe4 7. Bxe4 Nf6 8. Bd3 b6 9. c3 Bb7 10. O-O Be7 11. Qe2 O-O 12. Bf4 Rc8 13. Rad1 Qd5 14. c4 Qh5 15. Ne5 Rfd8 16. Qxh5 Nxh5 17. Be3 g6 18. Be2 Ng7 19. Bf3 Bxf3 20. Nxf3 Nf5 21. g4 Nxe3 22. fxe3 c5 23. b3 cxd4 24. exd4 Bf6 25.
Ne5 Bxe5 26. dxe5 Kf8 27. Kf2 Ke7 28. Ke3 b5 29. Rxd8 Rxd8 30. cxb5 Rd5 31. Rc1 Rxe5+ 32.
Kf4 Rxb5 33. Rc7+ Kf6 34. Rxa7 h5 35. h3 g5+ 36. Kf3 h4 37. Rc7 Rd5 38. Rc2 Rd3+ 39. Kg2 Rg3+ 40. Kh2 Ke5 41. Re2+ Kd6 42. Rf2 Ke7 43. b4 Ra3 44. b5 Ra5 45. Rb2 Kd7 46. Kg2 f5 47. gxf5 exf5 48. b6 Kc8 49. Kf3 Kb7 50.
Ke3 Ra3+ 51. Kd4 Rxh3 52. Ke5 Ra3 53. Kxf5 Ra5+ 54. Kg4 Rc5 55. a4 Ra5 56. Kh3 Rxa4 57. Rb5 Ra3+ 58. Kh2 Rg3 59. Rb4 g4 60. Rb5 Rc3 61.
Rb4 Rc2+ 62. Kh1 g3 63. Rxh4 Kxb6 64. Rg4 Rc3 65. Kg2 Rb3 66. Rxg3 Rxg3+ 67. Kxg3 1/2-1/2

[Event "Early-Titled-Tuesday-Blitz-May-07-2024"]
[Site "Chess.com"]
[Date "2024.05.07"]
[Round "5"]
[White "SuanTiltado"]
[Black "Anu-triz"]
[Result "1-0"]
[WhiteElo "2260"]
[BlackElo "2275"]
[TimeControl "180+1"]
[EndTime "9:00:31 PDT"]
[Termination "SuanTiltado won on time"]

1. d4 Nf6 2. c4 g6 3. Nc3 Bg7 4. e4 d6 5. Nf3 O-O 6. Be2 e5 7. O-O Nbd7 8. Be3 a5 9. h3 c6 10.
d5 Qc7 11. Rc1 Rd8 12. Nd2 Nb6 13. Qb3 Nbd7 14. Qc2 Nc5 15. b3 Ne8 16. a3 f5 17.
f3 f4 18. Bf2 g5 19. b4 Nd7 20. Nb3 a4 21. Nd2 h5 22. c5 Ndf6 23. cxd6 Nxd6 24. dxc6 Qxc6 25. b5 Qe8 26. Nxa4 g4 27. fxg4 hxg4 28. hxg4 Bxg4 29. Bxg4 Nxg4 30. Qb3+ Kh8 31. Qh3+ Nh6 32. Nb6 Ra5 33. Ndc4 Nxc4 34. Nxc4 Rxb5 35. Rb1 Rxb1 36. Rxb1 Qc6 37. Rb6 Qxc4 38. Rxh6+ Kg8 39. Rg6 Qxe4 40. Qe6+ Kh8 41. Qf7 Rg8 42. Rg5 Qb1+ 43. Kh2 Qh7+ 44. Rh5 Rf8 45. Rxh7+ Kxh7 46. Qh5+ Kg8 47. Bc5 Rc8 48.
Bd6 Rc6 49. Qe8+ Kh7 50. Bxe5 Rh6+ 51. Kg1 Rg6 52. Bxg7 Rxg7 53. Qe4+ Kg8 54. Qxf4 Rf7 55. Qb4 Kg7 56. g4 Kg6 57. Kg2 Kg5 58. Kg3 Kg6 59.
Qc5 Rf6 60. Qh5+ Kg7 61. Qg5+ Kf7 62. Qd5+ Kg7 63. g5 Rf7 64. Qe5+ Kg8 65. Kg4 1-0

[Event "Early-Titled-Tuesday-Blitz-May-07-2024"]
[Site "Chess.com"]
[Date "2024.05.07"]
[Round "5"]
[White "Arhan_Anand"]
[Black "SaiAgni_98"]
[Result "0-1"]
[WhiteElo "2608"]
[BlackElo "2502"]
[TimeControl "180+1"]
[EndTime "9:00:35 PDT"]
[Termination "SaiAgni_98 won by resignation"]

1. d4 d5 2. c4 c6 3. Nc3 Nf6 4. e3 Bf5 5. Qb3 Qb6 6. c5 Qc7 7. Nf3 Nbd7 8. Qd1 h6 9. Bd3 e6 10.
O-O Be7 11. Qc2 Bxd3 12. Qxd3 O-O 13. e4 dxe4 14. Nxe4 Nxe4 15. Qxe4 Nf6 16. Qe2 Rad8 17. Bd2 Rd5 18. g3 Rfd8 19. Bf4 Qa5 20. Rfd1 b6 21. Ne5 Rc8 22. Re1 Qb5 23. Qe3 bxc5 24. Nxf7 Rf8 25.
Nd6 Bxd6 26. Qxe6+ Kh8 27. Bxd6 Re8 28. Be7 Rd7 29. Qf7 Qb7 30. dxc5 Rdxe7 31. Rxe7 Qxe7 32. Qb3 Qe6 33. Qa4 Nd5 34. Qxa7 Rf8 35. Rf1 Qe2 36.
Qa3 Nf6 37. Qe3 Qxe3 38. fxe3 Re8 39. Rd1 Nd5 40. Kf2 Nxe3 41. Rd6 Ng4+ 42. Kf3 Ne5+ 43. Kg2 Nc4 44. Rxc6 Re2+ 45. Kf3 Rxb2 46. Rc8+ Kh7 47. c6 Rc2 48. Re8 Nd2+ 49. Ke3 Nf1+ 50. Kf3 Rxc6 51. Re2 Rf6+ 52. Kg2 g5 53. a4 g4 54. a5 Rf3 55. a6 Ne3+ 0-1

[Event "Early-Titled-Tuesday-Blitz-May-07-2024"]
[Site "Chess.com"]
[Date "2024.05.07"]
[Round "5"]
[White "Meri-Arabidze"]
[Black "GiorgianBarbosa"]
[Result "1-0"]
[WhiteElo "2701"]
[BlackElo "2496"]
[TimeControl "180+1"]
[EndTime "9:00:36 PDT"]
[Termination "Meri-Arabidze won by checkmate"]

1. Nf3 Nf6 2. c4 e6 3. g3 d5 4. Bg2 Be7 5. O-O O-O 6. b3 a5 7.
a3 c6 8. Bb2 b6 9. d3 Ba6 10.
Nbd2 Nbd7 11. Qc2 Rc8 12. Rad1 h6 13. Rfe1 Rc7 14. e4 b5 15. e5 Ne8 16. Nf1 a4 17.
Ne3 axb3 18. Qxb3 bxc4 19. dxc4 Rb7 20. Qc2 Qb8 21. Rb1 Nc5 22. Nd4 Qc7 23. Red1 Qd7 24. Nxc6 Qxc6 25. cxd5 exd5 26. Nxd5 Qe6 27. Nxe7+ Qxe7 28. Bxb7 Bxb7 29. Bd4 Ne6 30. Be3 Ba8 31. Rb8 N8c7 32.
Rdb1 Nd5 33. Rxf8+ Nxf8 34. Bc5 Qxe5 35. Bxf8 Nc7 36.
Bxg7 Kxg7 37. Qb2 f6 38. Qxe5 fxe5 39. a4 Kf6 40. a5 Ke7 41. Rb6 Kd7 42. Rxh6 Bc6 43.
Rh7+ Kd6 44. h4 Be4 45. Rh6+ Kc5 46. a6 Nb5 47. Rh5 Kd4 48. Rh6 Nc7 49. a7 Na8 50. Rh8 Bd5 51. h5 Ke4 52. h6 Kf5 53. h7 Kg6 54. Rxa8 Bxa8 55. h8=Q e4 56. Qh2 e3 57. Qh4 e2 58. Qg4+ Kh6 59. Qxe2 Kg5 60. Qe3+ Kg4 61.
f4 Kh3 62. f5 Bg2 63. f6 Bf3 64. f7 Bg4 65. f8=Q Bh5 66. Qf5+ Bg4 67. Qh7+ Bh5 68. Qxh5# 1-0

[Event "Early-Titled-Tuesday-Blitz-May-07-2024"]
[Site "Chess.com"]
[Date "2024.05.07"]
[Round "5"]
[White "Sjakkerntobi"]
[Black "Flaccidmoves"]
[Result "1-0"]
[WhiteElo "2543"]
[BlackElo "2401"]
[TimeControl "180+1"]
[EndTime "9:00:39 PDT"]
[Termination "Sjakkerntobi won by checkmate"]

1. e4 e6 2. d4 d5 3. Nc3 Bb4 4.
e5 c5 5. a3 Bxc3+ 6. bxc3 Ne7 7. h4 Qc7 8. h5 h6 9. Rb1 b6 10. Bb5+ Bd7 11. Bd3 cxd4 12. cxd4 Qc3+ 13. Bd2 Qxd4 14.
Nf3 Qg4 15. Rb4 Qxg2 16. Rg1 Qxg1+ 17. Nxg1 Nbc6 18. Rb1 Nxe5 19. Bf4 Nxd3+ 20. Qxd3 O-O 21. Nf3 f6 22. Bd6 Rfe8 23. Nh4 Nf5 24. Nxf5 exf5+ 25. Kf1 Be6 26. Re1 Rad8 27. Bf4 d4 28. Kg1 Kh8 29.
Rb1 Bc8 30. Bd2 Re4 31. f3 Rh4 32. Re1 Rxh5 33. Re7 a5 34. Qc4 f4 35. Qc7 Rg8 36. Bxf4 Bf5 37. Qd6 Rh4 38. Bg3 Rh3 39. Kf2 Bxc2 40.
Qxd4 Rh5 41. Qd2 Rc5 42. Re3 Bh7 43. Rc3 Rxc3 44. Qxc3 Rd8 45. Bc7 Rc8 46. Qc6 Bf5 47.
Qb7 Kh7 48. Qxb6 a4 49. Qa5 Bc2 50. Qc5 Bb3 51. Qc3 Kh8 52. Qc6 Rg8 53. Bf4 Kh7 54.
Be3 Rf8 55. Qe4+ Kg8 56. Bc5 Rf7 57. Qe8+ Kh7 58. Be7 h5 59. Kg3 g5 60. f4 h4+ 61.
Kh3 Be6+ 62. Kh2 Bb3 63. fxg5 fxg5 64. Bxg5 Kg6 65. Be3 h3 66. Qg8+ Kf5 67. Qg3 Ke4 68. Bg1 Rf3 69. Qg4+ Kd3 70. Qxf3+ Kc2 71. Qxh3 Kb2 72.
Bc5 Ka2 73. Qg3 Bc2 74. Bb4 Bb3 75. Qc3 Bc2 76. Qxc2+ Ka1 77. Bc3# 1-0

[Event "Early-Titled-Tuesday-Blitz-May-07-2024"]
[Site "Chess.com"]
[Date "2024.05.07"]
[Round "5"]
[White "subham777"]
[Black "C_K_G"]
[Result "0-1"]
[WhiteElo "2480"]
[BlackElo "2295"]
[TimeControl "180+1"]
[EndTime "9:00:40 PDT"]
[Termination "C_K_G won by resignation"]

1. e4 c5 2. Nf3 d6 3. d4 cxd4 4. Qxd4 Nf6 5. e5 Nc6 6. Bb5 Qa5+ 7. Nc3 dxe5 8. Nxe5 Bd7 9. Bxc6 Bxc6 10. Nxc6 bxc6 11. O-O e6 12. Bg5 Qxg5 13. Rad1 Be7 14. Ne4 Nxe4 15.
Qd7+ Kf8 16. Qxc6 Rd8 17. Qxe4 Rxd1 18. Rxd1 g6 19. Qd4 Bf6 20. Qxa7 Kg7 21. g3 Bxb2 22. Rd7 Rf8 23. Qc7 Qf6 24. Qc4 h5 25. h4 Rd8 26.
Rxd8 Qxd8 27. a4 Qd1+ 28. Kh2 Qd5 29. Qb3 Bd4 30. c4 Qf5 31. f4 Qe4 32. Qa2 Qe3 33.
Kg2 Qg1+ 34. Kf3 Qe3+ 35. Kg2 Qe4+ 36. Kh2 Qf3 37. a5 Qf2+ 38. Qxf2 Bxf2 39. Kg2 Bc5 40. Kf3 Kf6 41. Ke4 Ke7 42. Ke5 f6+ 43. Ke4 Kd6 44. Kd3 e5 45. Ke4 exf4 46. Kxf4 Ke6 47. Ke4 Ba7 48. Kf4 Kd6 49. g4 hxg4 50. Kxg4 Kc5 51. h5 gxh5+ 52. Kxh5 Bb8 53. Kg6 Be5 54. Kf5 Bc3 55. Ke6 Kc6 56. Kf5 Kb7 57. Ke6 Ka6 58.
c5 Kxa5 59. c6 Kb6 60. Kd7 Be5 61. Ke6 Kc7 62. Kd5 Bc3 63. Kc5 f5 64. Kd5 f4 65.
Ke4 Bd2 66. Kd3 Be3 67. Ke4 Kxc6 68. Kf3 Kd6 69. Kg4 Ke6 70. Kf3 Ke5 71. Ke2 Ke4 72. Kf1 f3 73. Ke1 Kf4 74. Kf1 Kg3 75. Ke1 Kg2 76.
Kd1 f2 0-1

[Event "Early-Titled-Tuesday-Blitz-May-07-2024"]
[Site "Chess.com"]
[Date "2024.05.07"]
[Round "5"]
[White "ChessQueen"]
[Black "tusplingher"]
[Result "1/2-1/2"]
[WhiteElo "2805"]
[BlackElo "2566"]
[TimeControl "180+1"]
[EndTime "9:00:43 PDT"]
[Termination "Game drawn - insufficient material"]

1. Nf3 Nf6 2. g3 e6 3. Bg2 d5 4.
O-O Be7 5. d3 O-O 6. a4 c5 7.
Bf4 Nc6 8. e4 dxe4 9. dxe4 Bd7 10. Nc3 Qc8 11. Bd6 Bxd6 12. Qxd6 b6 13. e5 Ne8 14.
Qd2 Nb4 15. Ne4 Bc6 16. Rfe1 Qb7 17. Nfg5 h6 18. Nh3 f5 19. exf6 Nxf6 20. Nd6 Qd7 21.
Nf4 Bxg2 22. Kxg2 Rad8 23. Rad1 Nbd5 24. Nxd5 exd5 25. Nb5 a6 26. Nc3 d4 27. Ne4 Nxe4 28.
Rxe4 Qxa4 29. Qe2 Qc6 30. f3 Rde8 31. Re1 Rxe4 32. Qc4+ Qe6 33. Qxe6+ Rxe6 34. Rxe6 Rf6 35. Re7 Kf8 36. Rc7 Re6 37. Kf2 a5 38. b3 Re7 39.
Rc6 Rb7 40. Ke2 Ke7 41. Kd3 Kd7 42. Rg6 Kc8 43. f4 Kb8 44. f5 Re7 45. Rxb6+ Kc7 46.
Ra6 Re3+ 47. Kd2 Rf3 48. g4 h5 49. Ra7+ Kb6 50. Rxg7 hxg4 51. Rxg4 Rxf5 52. h4 Kb5 53. Rg2 Rh5 54. Rh2 c4 55. Rh3 Kb4 56. bxc4 Kxc4 57.
Kc1 Kb4 58. Kb2 a4 59. Ka2 Ka5 60. Ka3 Kb5 61. Rh1 Ka5 62. Rh2 Kb5 63. Rh3 Ka5 64. Rh1 Kb5 65. Rb1+ Ka5 66. Rb4 Rxh4 67. Rxa4+ Kb5 68. Ra8 Kc5 69. Rc8+ Kd5 70. Kb3 Rh3+ 71. Kb4 Rh7 72. Rd8+ Ke4 73. Kb3 Rb7+ 74. Ka2 Ke3 75.
Ka3 Ke4 76. Ka2 Ke3 77. Ka3 Kd2 78. Rxd4+ Kc3 79. Ra4 Rb1 80. Ka2 Rb2+ 81. Ka1 Rxc2 82. Ra3+ Kd2 83. Ra2 Rxa2+ 84. Kxa2 1/2-1/2

[Event "Early-Titled-Tuesday-Blitz-May-07-2024"]
[Site "Chess.com"]
[Date "2024.05.07"]
[Round "5"]
[White "PenguinPacks"]
[Black "karinachess1"]
[Result "1-0"]
[WhiteElo "2478"]
[BlackElo "2600"]
[TimeControl "180+1"]
[EndTime "9:00:44 PDT"]
[Termination "PenguinPacks won by resignation"]

1. e4 e5 2. Nf3 Nc6 3. Bb5 Nge7 4. O-O Ng6 5. c3 a6 6. Ba4 Be7 7. d4 d6 8. Re1 O-O 9. h3 b5 10. Bc2 exd4 11. cxd4 Nb4 12. Bb3 c5 13. a3 Nc6 14.
Bd5 Bb7 15. Nc3 Qb6 16. dxc5 dxc5 17. Ne2 Rad8 18. Qc2 c4 19. Nf4 Nxf4 20. Bxf4 Bc5 21. Bg3 Nd4 22. Nxd4 Bxd4 23. Bxb7 Qxb7 24. a4 Rd7 25.
axb5 axb5 26. Ra2 Rfd8 27. Rea1 h5 28. Qe2 Re8 29. Qxh5 Qxe4 30. Qxb5 Rb7 31. Qg5 Bxb2 32. Rf1 c3 33. Bf4 c2 34. Bc1 Bxc1 35. Rxc1 Rb1 36. Kh2 Rxc1 37. Qxc1 Rc8 38. f3 Qe5+ 39. Kg1 Qc5+ 40. Kh2 Qd6+ 41. f4 Qd1 42. Ra1 Qd4 43. Ra2 Qd1 44. Ra1 Rd8 45. Qb2 g6 46. Rc1 Rc8 47.
Qa3 Qd2 48. f5 Qf4+ 49. Kh1 Qxf5 50. Qa6 Rd8 51. Qe2 Rc8 52. Qa6 Qc5 53. Qe2 Qc3 54. Qg4 Rc6 55. Qe4 Kg7 56. Qf4 Rc4 57. Qd6 Qb2 58. Qd2 Rc5 59. Kh2 Qe5+ 60. Kh1 Qe4 61. Kh2 Qe5+ 62. Kh1 Qc3 63. Qf2 Rc4 64. Qe2 Qd4 65.
Rxc2 Qa1+ 66. Kh2 Qa7 67. Rxc4 Qb8+ 68. g3 Qb1 69. Re4 Qa1 70. Rf4 Kh7 71. Rf2 Kg7 72.
Qf3 Qa7 73. Qf6+ Kg8 74. Re2 Qd7 75. Ra2 Kh7 76. h4 Qg4 77. Qxf7+ Kh6 78. Qf4+ 1-0

[Event "Early-Titled-Tuesday-Blitz-May-07-2024"]
[Site "Chess.com"]
[Date "2024.05.07"]
[Round "5"]
[White "SaiHanThiha"]
[Black "tandaleo"]
[Result "0-1"]
[WhiteElo "2450"]
[BlackElo "2592"]
[TimeControl "180+1"]
[EndTime "9:00:44 PDT"]
[Termination "tandaleo won by checkmate"]

1. d4 Nf6 2. Bf4 c6 3. e3 Qb6 4.
Qc1 d6 5. h3 g6 6. Nf3 Bg7 7.
c4 O-O 8. Nc3 Bf5 9. Be2 Ne4 10.
Nxe4 Bxe4 11. O-O Bxf3 12. Bxf3 Nd7 13. Bh2 e5 14. dxe5 dxe5 15. Rd1 Nc5 16. Be2 Rad8 17.
Qc2 e4 18. Rxd8 Rxd8 19. Rb1 Qb4 20. a3 Qd2 21. Qxd2 Rxd2 22. Kf1 Rxb2 23. Rd1 Bf6 24. g4 Ra2 25. Bd6 Nb3 26. Ke1 Bc3+ 27. Kf1 Nd2+ 28. Kg2 Bf6 29. Bb4 Nb3 30. Kf1 c5 31. Be1 Rxa3 32.
f4 exf3 33. Bxf3 b6 34. h4 h6 35. Bg3 Na5 36. Rd6 Kg7 37. Bd5 Rxe3 38. Kf2 Rxg3 39.
Rxf6 Kxf6 40. Kxg3 Nb3 41. Kf4 Nd4 42. g5+ hxg5+ 43.
hxg5+ Ke7 44. Ke5 Ne6 45. Bg2 Nxg5 46. Kd5 Kd7 47. Ke5 Ne6 48. Kf6 Ke8 49. Bc6+ Kf8 50.
Ke5 Ke7 51. Bd5 f6+ 52. Ke4 Nd4 53. Kd3 g5 54. Ke4 Kd6 55. Bf7 f5+ 56. Ke3 Ke5 57. Be8 f4+ 58. Kf2 g4 59. Kg2 g3 60. Kh3 Ke4 61.
Bg6+ Kf3 62. Bh5+ Kf2 63. Bf7 g2 64. Bd5 g1=Q 65. Kh4 Nf3+ 66. Bxf3 Kxf3 67. Kh5 Qg7 68. Kh4 Qh6# 0-1

[Event "Early-Titled-Tuesday-Blitz-May-07-2024"]
[Site "Chess.com"]
[Date "2024.05.07"]
[Round "5"]
[White "Felix-Rose"]
[Black "NikFil2013"]
[Result "0-1"]
[WhiteElo "2208"]
[BlackElo "2395"]
[TimeControl "180+1"]
[EndTime "9:00:45 PDT"]
[Termination "NikFil2013 won on time"]

1. e4 c5 2. Nf3 d6 3. d4 cxd4 4. Nxd4 Nf6 5. Nc3 a6 6. Be3 e5 7. Nb3 Be7 8. f3 O-O 9. Qd2 b5 10. O-O-O Be6 11. g4 Nbd7 12. g5 Nh5 13. Rg1 Nb6 14.
Na5 Qc7 15. Nd5 Nxd5 16. exd5 Bxd5 17. Qxd5 Qxa5 18. Bc4 Qb4 19. Bb3 Nf4 20. Qb7 Ne2+ 21. Kb1 Nxg1 22. Rxg1 Rae8 23. a3 Qh4 24. Ka2 g6 25. Qxa6 b4 26. a4 Qxh2 27. Qf1 e4 28. f4 Qh5 29. Bd5 Qf3 30. Qe1 Bd8 31. Rg3 Qh5 32. Qf1 Kg7 33. Rh3 Qg4 34. Bd4+ f6 35. Qh1 Rh8 36. Bxe4 d5 37. gxf6+ Bxf6 38. Bxf6+ Kxf6 39. Bxd5 Qxf4 40. Rf3 b3+ 41. cxb3 Ke5 42. Rxf4 Kxf4 43.
Qf3+ Kg5 44. Bc4 Kh6 45. Qh3+ Kg7 46. Qd7+ Kh6 47. Qd2+ Kg7 48. a5 h5 49. a6 h4 50.
Qd4+ Kh6 51. Qf4+ Kg7 52. Qc7+ Kh6 53. Qb6 h3 54. Qg1 Kg7 55. Qd4+ Kh6 56. Qf4+ Kg7 57. Qc7+ Kh6 58. Qg3 Kg7 59. Bd5 h2 60. Qc7+ Kf6 61.
Qd6+ Kg7 62. Qe5+ Rxe5 63. a7 Rxd5 64. b4 h1=Q 0-1

[Event "Early-Titled-Tuesday-Blitz-May-07-2024"]
[Site "Chess.com"]
[Date "2024.05.07"]
[Round "5"]
[White "wild3000"]
[Black "alvarorodriguezavila"]
[Result "1-0"]
[WhiteElo "2521"]
[BlackElo "2344"]
[TimeControl "180+1"]
[EndTime "9:00:46 PDT"]
[Termination "wild3000 won on time"]

1. d4 Nf6 2. Nf3 d5 3. g3 e6 4. Bg2 Be7 5. O-O O-O 6. b3 a5 7. Bb2 a4 8. bxa4 Rxa4 9. a3 Ra8 10. Ne5 c5 11. Nd2 cxd4 12. Nb3 Nc6 13. Nxc6 bxc6 14. Nxd4 Bd7 15. c4 Qa5 16. cxd5 cxd5 17. Qd3 Rfc8 18.
Rfc1 h6 19. h3 Qb6 20. Rcb1 Qa6 21. Qxa6 Rxa6 22. e3 Rca8 23. Bf1 R6a7 24. Nb5 Bxb5 25. Bxb5 Bxa3 26. Bxa3 Rxa3 27. Rxa3 Rxa3 28. Rb2 Ra7 29. Kg2 Kf8 30. Bd3 Ke7 31. Rc2 Kd6 32. Rb2 Nd7 33.
Rc2 Nc5 34. Be2 Ra4 35. Rb2 Ra7 36. Rb6+ Ke7 37. Rb5 Nd7 38. Rb2 Ne5 39. Rc2 Kd6 40. h4 Rc7 41. Ra2 Ke7 42. Rd2 Nc6 43. Rc2 Kd6 44.
g4 e5 45. g5 hxg5 46. hxg5 Ne7 47. Ra2 e4 48. Ra6+ Ke5 49. Ra2 Kf5 50. Ra5 Kxg5 51.
Kg3 Kf5 52. Bg4+ Ke5 53. f4+ Kf6 54. Be2 Rc3 55. Kf2 g6 56. Ra6+ Kg7 57. Ra5 Kf6 58. Bg4 d4 59. exd4 Rc2+ 60. Ke1 Rg2 61. Ra6+ Kg7 62. Be2 Nd5 63. Rd6 Nxf4 64. Bc4 Kh6 65. Kd1 e3 66. Rd7 Rd2+ 67. Kc1 Rf2 68. d5 e2 69. Re7 Ng2 70. Kd2 e1=Q+ 71. Kd3 1-0

[Event "Early-Titled-Tuesday-Blitz-May-07-2024"]
[Site "Chess.com"]
[Date "2024.05.07"]
[Round "5"]
[White "YouShallNotPass001"]
[Black "ahkashefi2800"]
[Result "0-1"]
[WhiteElo "2448"]
[BlackElo "2589"]
[TimeControl "180+1"]
[EndTime "9:00:47 PDT"]
[Termination "ahkashefi2800 won by resignation"]

1. e4 c6 2. d4 d5 3. e5 Bf5 4.
h4 h5 5. Bd3 Bxd3 6. Qxd3 e6 7.
Nd2 Qa5 8. Nf3 c5 9. dxc5 Bxc5 10.
O-O Nc6 11. c4 Nge7 12. a3 O-O 13. Rb1 dxc4 14. Nxc4 Qd8 15. Qe4 Qd5 16. Qf4 Ng6 17. Qg5 Qxc4 18. Qxh5 Rfd8 19. Bg5 Rd3 20. Rbc1 Qd5 21.
Qg4 Rxf3 22. gxf3 Ncxe5 23. Qg2 Nxf3+ 24. Kh1 Bf8 25. Rc3 Ngxh4 26. Bxh4 Nxh4 27. Qxd5 exd5 28. Rc7 Rd8 29. Rxb7 Bc5 30. b4 Bb6 31. a4 Nf5 32.
a5 Bd4 33. Kg2 Rd6 34. Rd1 Rg6+ 35. Kf1 Rf6 36. Ke2 g6 37. Rd3 Kg7 38. f3 Re6+ 39. Kd2 Be3+ 40. Kc3 Rc6+ 41. Kb3 Nd4+ 42. Ka3 Rc4 43.
b5 Bc1+ 44. Ka2 Ra4+ 45. Kb1 Bf4 46. a6 Rb4+ 47. Ka2 Nxb5 48. Rxd5 Nc3+ 49. Ka3 Ra4+ 50.
Kb3 Ra3+ 51. Kc4 Nxd5 52. Kxd5 Rxa6 53. Ke4 Rd6 54. Kxf4 a6 55. Ra7 Rf6+ 56. Kg4 Kh6 57. f4 Kg7 58. Rb7 Rd6 59. Ra7 Re6 60. Kg5 Rf6 61. Kg4 Kf8 62. Kg5 Rf5+ 63. Kg4 a5 64.
Ra8+ Ke7 65. Ra6 Kd7 66. Ra7+ Kc6 67. Kf3 Kb6 68. Ra8 Kb5 69. Ke4 a4 70. Rb8+ Kc4 71. Rc8+ Kb4 72. Rb8+ Rb5 73. Ra8 a3 74. Ra7 Ra5 75.
Rxa5 Kxa5 0-1